 Dungeon Crawl Stone Soup version 0.31-a0-345-g1ebeae05c6 (webtiles) character file.

Game seed: 13371108898716671993

111 Gelion the Changeling (level 4, -2/42 HPs)
             Began as a Troll Shapeshifter on July 23, 2023.
             Slain by a gnoll
             ... wielding a +0 whip
             ... led by a gnoll bouda
              (8 damage)
             ... on level 4 of the Dungeon.
             The game lasted 00:01:33 (682 turns).

Gelion the Changeling (Troll Shapeshifter)           Turns: 682, Time: 00:01:33

Health: -2/42      AC:  4    Str: 23    XL:     4   Next: 62%
Magic:  3/3        EV: 10    Int:  4    God:
Gold:   80         SH:  5    Dex: 12    Spells: 3/3 levels left

rFire   . .          .
                       - Unarmed
rCold   . . .        (no shield)
rNeg    . . .        a - +0 animal skin
rPois   .            (helmet currently unavailable)
rElec   .            (cloak currently unavailable)
rCorr   .            (gloves unavailable)
SInv    .            (boots unavailable)
Will    .....        l - amulet of reflection
Stlth   +            (no ring)
HPRegen 1.07/turn    (no ring)
MPRegen 0.08/turn

%: reflection
@: beast-form
A: beast (slay +2), large, unfitting armour, claws 3, regeneration 1, shaggy fur
1, tough skin 1
a: Begin Untransformation


You were on level 4 of the Dungeon.
You were a hulking beast.
You visited 1 branch of the dungeon, and saw 3 of its levels.

You collected 80 gold pieces.

Inventory:

Armour
 a - a +0 animal skin (worn)
Jewellery
 l - an amulet of reflection (around neck)
Talismans
 c - a beast talisman
Scrolls
 e - 3 scrolls of fear {unknown}
 g - 3 scrolls of identify {unknown}
 h - 3 scrolls of teleportation {unknown}
 i - a scroll of enchant weapon {unknown}
 j - 2 scrolls of revelation {unknown}
Potions
 b - a potion of lignification
 d - a potion of ambrosia {unknown}
 f - a potion of enlightenment {unknown}
 k - a potion of berserk rage {unknown}


   Skills:
 + Level 1.9 Fighting
 - Level 1.5 Dodging
 + Level 3.7 Unarmed Combat
 * Level 4.0 Shapeshifting


You had 3 spell levels left.
You didn't know any spells.
Your spell library was empty.

Dungeon Overview and Level Annotations

Branches:
Dungeon (2/15)

Altars:


Innate Abilities, Weirdness & Mutations

You are a hulking beast.
Your limbs bulge with bestial killing power. (Slay +2)
You are too large for most types of armour.
You have claws for hands.
Your natural rate of healing is unusually fast.
You are covered in fur. (AC +1)
You have tough skin. (AC +1)


Message History

The gnoll barely misses you.
You claw the gnoll!
The gnoll is almost dead.
The gnoll hits you but does no damage.
You scratch the gnoll bouda.
The gnoll bouda is lightly wounded.
You block the gnoll's attack.
The gnoll bouda calls upon its god to heal the gnoll.
The gnoll is healed somewhat.
The gnoll barely misses you.
You scratch the gnoll.
The gnoll is severely wounded.
The gnoll hits you with a +0 spear! You block the gnoll's attack.
You block the gnoll bouda's attack. The gnoll hits you with a +0 club.
You claw the gnoll!
You kill the gnoll!
The gnoll completely misses you. The gnoll bouda closely misses you.
The gnoll hits you with a +0 club.
Unknown command.
You claw the gnoll bouda!
The gnoll bouda is heavily wounded.
The gnoll hits you with a +0 whip. The gnoll bouda closely misses you.
You scratch the gnoll bouda.
The gnoll bouda is almost dead.
The gnoll hits you with a +0 club. You block the gnoll's attack.
The gnoll bouda utters an invocation to its god.
The gnoll bouda is healed somewhat.
You scratch the gnoll bouda.
The gnoll bouda is severely wounded.
The gnoll hits you with a +0 club! The gnoll hits you with a +0 whip.
The gnoll bouda hits you but does no damage.
You barely miss the gnoll bouda.
The gnoll bouda is severely wounded.
The gnoll barely misses you. The gnoll hits you with a +0 whip.
* * * LOW HITPOINT WARNING * * *
The gnoll bouda hits you with a +0 club.
* * * LOW HITPOINT WARNING * * *
You scratch the gnoll bouda.
The gnoll bouda is almost dead.
You block the gnoll's attack. The gnoll hits you with a +0 whip!
You die...

#.......## ...
.........# #.#
..w......# #.#
....g?...# ###.### .
.....g...###..... ..
.....g...##..#.####...
.........#....).....#
.........#.g........#
..........wgh....(..#
......$.##.g).........
......####............
#####...##.....)......
###...............
####............
#............
###########..


You could see a gnoll bouda, 2 gnolls and a dart slug.

Vanquished Creatures
  A scorpion (D:4)
  A gnoll (D:4)
  A dart slug (D:1)
  5 bats (D:1)
  3 endoplasms
  A giant cockroach (D:1)
  2 goblins (D:1)
  A hobgoblin (D:1)
  3 jackals (D:1)
  2 quokkas
  6 ball pythons
  A frilled lizard (D:2)
  5 kobolds (D:1)
  6 rats
38 creatures vanquished.

Notes
Turn   | Place    | Note
-------+----------+-------------------------------------------
     0 | D:1      | Gelion the Troll Shapeshifter began the quest for the Orb.
     0 | D:1      | Reached XP level 1. HP: 18/18 MP: 0/0
   103 | D:1      | Reached skill level 1 in Fighting
   129 | D:1      | Reached XP level 2. HP: 24/27 MP: 1/1
   302 | D:1      | Reached XP level 3. HP: 33/33 MP: 2/2
   633 | D:2      | You fall into a shaft and drop 2 floors!
   651 | D:4      | Noticed a scorpion
   659 | D:4      | Killed a scorpion
   660 | D:4      | Reached skill level 4 in Shapeshifting
   660 | D:4      | Reached XP level 4. HP: 42/42 MP: 3/3
   682 | D:4      | Slain by a gnoll

Illustrated notes

Levels and vault maps discovered:
D:1:      dpeg_arrival_stone_temple_mockup, layout_rooms, grunt_decor_one_mirror
D:2:      layout_basic, serial_forest, infiniplex_forest_clump_cross,
          infiniplex_forest_straight_3, infiniplex_forest_lined_2,
          infiniplex_forest_straight_5, infiniplex_forest_corner_1, uniq_robin
D:4:      layout_rooms, reono_crystal_passage, due_unseen_surprise, uniq_ijyb

Skill      XL: |  1  2  3 |
---------------+----------+-----
Fighting       | 1 |  1.9
Shapeshifting  | 4 |  4.0
Dodging        | |  1.5
Unarmed Combat | |  3.7

Action                     |  1- 3 |  4- 6 || total
---------------------------+-------+-------++-------
  Melee: Unarmed           |    88 |    10 ||    98
   Stab: Sleeping          |     1 |       ||     1
 Armour: Animal skin       |    25 |     2 ||    27
  Dodge: Dodged            |    39 |     6 ||    45
  Block: Other             |     1 |     5 ||     6

Table legend: (Time is in decaauts)
 A = Elapsed time spent in this place.
 B = Non-inter-level travel time spent in this place.
 C = Inter-level travel time spent in this place.
 D = Time resting spent in this place.
 E = Time spent auto-exploring this place.
 F = Levels seen in this place.
 G = Mean time per level.
                   A        B        C        D        E       F      G
               +--------+--------+--------+--------+--------+-----+--------+
         Total |    675 |    672 |      3 |      0 |    469 |   3 |  225.0 |
       Dungeon |    675 |    672 |      3 |      0 |    469 |   3 |  225.0 |
               +--------+--------+--------+--------+--------+-----+--------+

Top non-repeatable levels by time:
     D:1: 519 daAuts
     D:2: 108 daAuts
     D:4: 48 daAuts
